 Dungeon Crawl Stone Soup version 0.31-a0-949-g57150269e1 (webtiles) character file.

Game seed: 16922557333342516823

6083 Arex the Ruffian (level 10, 0/55 HPs)
             Began as a Vine Stalker Fighter on Oct 21, 2023.
             Was a High Priest of Lugonu.
             Succumbed to a water moccasin's poison
             ... on level 1 of the Lair of Beasts.
             The game lasted 00:31:28 (8848 turns).

Arex the Ruffian (Vine Stalker Fighter)             Turns: 8848, Time: 00:31:29

Health: 0/55       AC: 15    Str: 23    XL:     10   Next: 88%
Magic:  3/16       EV:  5    Int:  8    God:    Lugonu [*****.]
Gold:   507        SH:  0    Dex: 14    Spells: 9/9 levels left

rFire   . .          .
                       - Unarmed
rCold   . . .        f - +0 kite shield
rNeg    + . .        v - +0 plate armour
rPois   .            q - +0 helmet
rElec   .            (no cloak)
rCorr   +            (no gloves)
SInv    .            d - +0 pair of boots
Will    ++...        i - amulet of faith Stlth
                     h - ring of resist corrosion
HPRegen 1.09/turn    u - ring of positive energy
MPRegen 0.15/turn

%: guardian spirit, faith
@: confused, lethally poisoned (0 -> -6), ambrosia-drunk, enlightened, flying
A: fangs 3, regeneration 1, magic shield, antimagic bite, no potion heal 2
a: Renounce Religion, Depart the Abyss, Banish, Corrupt, Enter the Abyss


You were on level 1 of the Lair of Beasts.
You worshipped Lugonu.
Lugonu was extremely pleased with you.
You visited 2 branches of the dungeon, and saw 12 of its levels.
You also visited: Sewer.

You collected 507 gold pieces.

Inventory:

Missiles
 M - 2 throwing nets
Armour
 a - a +0 scale mail
 b - a +0 buckler
 d - a +0 pair of boots (worn)
 f - a +0 kite shield (worn)
 q - a +0 helmet (worn)
 r - +0 fire dragon scales
 v - a +0 plate armour (worn)
Jewellery
 h - a ring of resist corrosion (left hand)
 i - an amulet of faith (around neck)
 u - a ring of positive energy (right hand)
Wands
 s - a wand of charming (9)
 D - a wand of iceblast (6)
 I - a wand of polymorph (12)
 J - a wand of quicksilver (21)
 L - a wand of flame (27)
Scrolls
 e - 2 scrolls of fog
 j - 5 scrolls of poison
 k - 4 scrolls of teleportation
 n - 2 scrolls of noise
 o - a scroll of enchant armour
 y - a scroll of brand weapon
 C - 2 scrolls of enchant weapon
 E - a scroll of immolation
 K - a scroll of amnesia {unknown}
Potions
 c - 3 potions of might
 g - a potion of heal wounds {unknown}
 l - a potion of mutation {unknown}
 m - 3 potions of attraction
 p - a potion of magic
 t - 2 potions of lignification
 w - 2 potions of curing
 x - a potion of haste
 z - a potion of resistance {unknown}
 A - a potion of enlightenment
 B - a potion of berserk rage {unknown}
 G - a potion of degeneration
 H - a potion of brilliance


   Skills:
 + Level 7.1 Fighting
 + Level 6.5 Armour
 + Level 7.2 Shields
 + Level 7.5 Unarmed Combat
 + Level 6.8 Invocations


You had 9 spell levels left.
You didn't know any spells.
Your spell library contained the following spells:

 Spells                   Type           Power      Damage    Failure   Level
 Apportation              Tloc           0%         N/A       100%        1
 Freeze                   Ice            0%         1d3       100%        1
 Necrotise                Necr           0%         1d4       100%        1
 Jinxbite                 Hex            0%         N/A       100%        2
 Poisonous Vapours        Pois/Air       0%         N/A       100%        2
 Sublimation of Blood     Necr           0%         N/A       100%        2
 Call Canine Familiar     Summ           0%         N/A       100%        3
 Frozen Ramparts          Ice            0%         1d1       100%        3
 Hailstorm                Conj/Ice       0%         3d3       100%        3
 Mephitic Cloud           Conj/Pois/Air  0%         N/A       100%        3
 Sigil of Binding         Hex            0%         N/A       100%        3
 Vampiric Draining        Necr           0%         2d6       100%        3
 Dimensional Bullseye     Hex/Tloc       0%         N/A       100%        4
 Leda's Liquefaction      Hex/Erth       0%         N/A       100%        4
 Petrify                  Tmut/Erth      0%         N/A       100%        4
 Agony                    Necr           0%         N/A       100%        5
 Alistair's Intoxication  Tmut/Pois      0%         N/A       100%        5
 Freezing Cloud           Conj/Ice/Air   0%         6-21      100%        5
 Irradiate                Conj/Tmut      0%         3d11      100%        5


Dungeon Overview and Level Annotations

Branches:
Dungeon (11/15)            Temple (0/1) D:4            Lair (1/5) D:9
    Orc (0/2) D:11          Sewer (visited)

Altars:
Cheibriados
Trog
Xom
Yredelemnul
Lugonu

Shops:
D:3 (   D:7 (

Annotations:
D:2 1 runed translucent door, Crazy Yiuf
D:7 2 transporters, soul19's ghost, novice DsFi
D:9 corrupted
Lair:1 Prince Ribbit


Innate Abilities, Weirdness & Mutations

You have razor-sharp teeth.
Your natural rate of healing is unusually fast.
When hurt, damage is shared between your health and your magic reserves.
Your bite disrupts and absorbs the magic of your enemies.
Potions cannot restore your health.


Message History

You start putting on your armour.
You continue putting on your +0 plate armour. x5
You finish putting on your +0 plate armour.
What level of the Lair of Beasts? (default 1, ? - help)
There is a staircase to the Lair here.
You climb downwards.
Welcome back to the Lair of Beasts!
The blink frog barely misses you.
The water moccasin bites you but does no damage.
You block the water moccasin's attack.
Prince Ribbit comes into view.
A yak comes into view.
The komodo dragon bites you but does no damage.
The komodo dragon bites you! You block the blink frog's attack.
The water moccasin bites you. You block the water moccasin's attack.
The yak gores you.
Prince Ribbit sighs, "It's not easy being green!"
Prince Ribbit blinks!
The komodo dragon bites you! The komodo dragon bites you!!
* * * LOW HITPOINT WARNING * * *
The blink frog hits you but does no damage.
There is a staircase back to the Dungeon, spattered with blood here.
Okay, then.
Okay, then.
You are confused.
Your system rejects the healing.
You feel invigorated.
The water moccasin bites you but does no damage.
The water moccasin closely misses you.
Prince Ribbit blinks!
The yak gores you but does no damage.
The blink frog blinks!
The water moccasin bites you.
* * * LOW HITPOINT WARNING * * *
You are poisoned.
The water moccasin poisons you! The komodo dragon barely misses you.
The yak gores you but does no damage.
The water moccasin bites you but does no damage.
The komodo dragon bites you!
* * * LOW HITPOINT WARNING * * *
Unknown command.
You feel very buoyant.
You fly up into the air.
You die...

##..## #....### ##.#
#..#...## ##.# ##.##...###
##..# ###.###...#.# ....
#...# #.#.#≈≈....## ##....
##..## #..F≈≈≈~...# #.....
#..## ##.~~~≈≈~...###....P
##.## #.§YS~≈≈≈~..##.P....
#..# #FY@l~≈≈≈~..#.P..P♣♣
##.# ##.lS≈~≈≈≈~.##PPP.♣PP
##.#####..YY≈≈≈≈≈~.....PP♣.♣
#P....##.#YY≈≈≈~~...........
###......#.Y~≈Y~..#.#.......
####..[..Y.YY..#§...Y.....
#.............##♣♣♣♣...
#(..#........#.♣ ♣♣#.
#..#.#P.###P##♣♣ ♣.


You could see 2 komodo dragons, 11 yaks, 2 blink frogs and 2 water moccasins.

Vanquished Creatures
  Pikel (D:5)
  A komodo dragon (Lair:1)
  A troll (D:8)
  A hornet (D:8)
  Grinder (D:5)
  2 blink frogs (D:9)
  Sigmund (D:4)
  A wyvern (D:6)
  4 steam dragons (D:8)
  An acid dragon (D:9)
  A water moccasin (D:5)
  Duvessa (D:4)
  4 orc warriors
  An ice beast (D:6)
  4 black bears
  An ogre (D:5)
  2 kobold brigands (D:7)
  3 bullfrogs
  Blork the orc (D:4)
  2 scorpions
  Dowan (D:4)
  4 killer bees
  An electric eel (Lair:1)
  A howler monkey (D:8)
  A gnoll bouda (D:7)
  A jelly (D:6)
  4 hounds
  5 orc priests
  7 iguanas
  Ijyb (D:4)
  17 orc wizards
  5 adders
  3 gnolls
  A shadow imp (D:6)
  2 ufetubi (D:6)
  3 worms
  5 dart slugs
  44 orcs
  6 ball pythons
  4 bats
  4 endoplasms
  4 giant cockroaches
  11 goblins
  5 hobgoblins
  4 jackals (D:1)
  25 kobolds
  3 quokkas
  5 frilled lizards
  16 rats
227 creatures vanquished.

Vanquished Creatures (collateral kills)
  A water moccasin (D:7)
  2 wights (D:9)
  3 gnolls
6 creatures vanquished.

Vanquished Creatures (others)
  2 orc warriors
  2 centaurs (D:9)
  2 bullfrogs (D:9)
  A kobold brigand (D:9)
  2 wights (D:9)
  3 howler monkeys (D:9)
  An orc priest (D:9)
  2 gnoll boudas (D:9)
  3 orc wizards (D:9)
  8 gnolls
  4 orcs
  6 kobolds (D:9)
36 creatures vanquished.

Grand Total: 269 creatures vanquished

Notes
Turn   | Place    | Note
-------+----------+-------------------------------------------
     0 | D:1      | Arex the Vine Stalker Fighter began the quest for the Orb.
     0 | D:1      | Reached XP level 1. HP: 11/11 MP: 2/2
    43 | D:1      | Reached XP level 2. HP: 14/16 MP: 1/3
   124 | D:1      | Reached XP level 3. HP: 20/20 MP: 4/4
   737 | D:2      | Found a faded altar of an unknown god.
   760 | D:2      | Prayed at the altar of an unknown god.
   760 | D:2      | Became a worshipper of Lugonu the Unformed
   760 | D:2      | Reached * piety under Lugonu
   999 | D:2      | Reached XP level 4. HP: 24/24 MP: 5/5
  1072 | D:2      | Found a runed translucent door.
  1073 | D:2      | Noticed Crazy Yiuf
  1538 | D:3      | Found Tiont's Antique Weapon Emporium.
  1653 | D:3      | Reached skill level 1 in Invocations
  1653 | D:3      | Reached XP level 5. HP: 17/28 MP: 2/6
  1674 | D:3      | Upgraded the game from 0.31-a0-940-gdaa99269f9 to
                  | 0.31-a0-949-g57150269e1
  1733 | D:3      | Reached ** piety under Lugonu
  2404 | D:4      | Noticed Sigmund
  2412 | D:4      | Noticed Ijyb
  2416 | D:4      | Killed Sigmund
  2417 | D:4      | Reached XP level 6. HP: 32/33 MP: 8/8
  2424 | D:4      | Killed Ijyb
  2437 | D:4      | Reached XP level 7. HP: 36/37 MP: 9/9
  2631 | D:4      | Found a staircase to the Ecumenical Temple.
  2762 | D:4      | Noticed Dowan
  2767 | D:4      | Noticed Duvessa
  2791 | D:4      | Killed Duvessa
  2799 | D:4      | Killed Dowan
  2855 | D:4      | Found a snail-covered altar of Cheibriados.
  2855 | D:4      | Noticed Blork the orc
  2876 | D:4      | Killed Blork the orc
  2876 | D:4      | Reached *** piety under Lugonu
  2883 | D:4      | Found a shimmering altar of Xom.
  3015 | D:5      | Entered Level 5 of the Dungeon
  3201 | D:5      | Gained mutation: You have razor-sharp teeth. [Vine Stalker
                  | growth]
  3201 | D:5      | Reached XP level 8. HP: 28/42 MP: 5/11
  3381 | D:5      | Found a glowing drain.
  3401 | Sewer    | Entered a sewer
  3700 | Sewer    | Reached **** piety under Lugonu
  3770 | D:5      | Reached skill level 5 in Shields
  3933 | D:5      | Reached skill level 5 in Unarmed Combat
  3966 | D:5      | Reached skill level 5 in Fighting
  4326 | D:5      | Noticed Pikel
  4326 | D:5      | Noticed Grinder
  4376 | D:5      | Killed Pikel
  4377 | D:5      | Reached XP level 9. HP: 29/47 MP: 5/13
  4414 | D:5      | Killed Grinder
  4415 | D:5      | Reached skill level 5 in Armour
  4722 | D:6      | Identified the +1 rapier "Fyrimeg" {heavy, rC+}
  4730 | D:6      | Reached skill level 5 in Invocations
  4770 | D:6      | Found a basalt altar of Yredelemnul.
  5680 | D:7      | Reached ***** piety under Lugonu
  5747 | D:7      | Reached XP level 10. HP: 50/53 MP: 15/15
  5825 | D:7      | Noticed soul19's ghost (novice DsFi)
  5827 | D:7      | Noticed a two-headed ogre
  5827 | D:7      | Noticed a moth of wrath
  5833 | D:7      | Found a transporter.
  5836 | D:7      | Found a transporter.
  5928 | D:7      | Found Hiagodi's Antique Weapon Boutique.
  6226 | D:7      | Found a bloodstained altar of Trog.
  6575 | D:8      | Paralysed by a hornet for 3 turns
  6581 | D:8      | Paralysed by a hornet for 2 turns
  6976 | D:8      | You fall into a shaft and drop 3 floors!
  6992 | D:10     | Entered Level 10 of the Dungeon
  7055 | D:9      | Corrupted D:9
  7055 | D:9      | Noticed a large abomination
  7055 | D:9      | Noticed a bone dragon
  7056 | D:9      | Noticed a smoke demon
  7056 | D:9      | Noticed a glowing orange brain
  7058 | D:9      | Noticed a bone dragon
  7060 | D:9      | Found a staircase to the Lair.
  7109 | D:9      | Noticed a two-headed ogre
  7112 | D:9      | Noticed a two-headed ogre
  8012 | D:9      | Identified the +2 sling "Oxkiynga" {flame, Int+4}
  8217 | Lair:1   | Entered Level 1 of the Lair of Beasts
  8308 | Lair:1   | HP: 2/53 [komodo dragon (11)]
  8846 | Lair:1   | Noticed Prince Ribbit
  8847 | Lair:1   | HP: 2/55 [komodo dragon (10)]
  8848 | Lair:1   | Succumbed to a water moccasin's poison

Illustrated notes

Levels and vault maps discovered:
D:1:      ldierk_walled_garden, layout_loops_ring, minmay_strange_pillars,
          lexackson_kobold_supper
D:2:      layout_basic, shapermc_ecumenical_altar_mp_ritualfount,
          uniq_crazy_yiuf_cottage
D:3:      layout_basic, serial_shops, nicolae_shop_stone, minmay_misc_feat_iff
D:4:      layout_basic, mainiacjoe_overflow_large_starburst,
          minmay_temple_entry_from_below_a, minmay_misc_feat_four_crosses,
          grunt_ministairs_9, minmay_crystal_room, feat_on_display,
          uniq_blork_the_orc, uniq_duvessa, uniq_ijyb, uniq_sigmund
D:5:      layout_loops_corners, portal_sewer_entry_a, st_stairs_9, uniq_pikel,
          uniq_grinder
D:6:      layout_loops_ring, mainiacjoe_overflow_surrounded_room
D:7:      layout_layer_cave, gammafunk_ghost_wrathful_warriors, serial_shops,
          nicolae_shop_gibbet_a_chance, minmay_fractal_squares_diagonal_5
D:8:      layout_basic, minmay_orc_keep
D:9:      layout_cave_pools, dpeg_oklobed_lair
D:10:     layout_long_grid, st_stairs_9, dk_noncrumbling_4,
          monkooky_shop_alliterative, uniq_fannar, uniq_harold, uniq_urug
D:11:     layout_long_grid, hiddenorc1_lemuel, gammafunk_ghost_spectres,
          nicolae_hepliaklqana_monster_ancestors
Lair:1:   layout_cave_pods, serial_forest, infiniplex_forest_straight_3,
          infiniplex_forest_straight_4, infiniplex_forest_clump_small,
          infiniplex_forest_clump_diagonal, infiniplex_forest_end_2,
          infiniplex_forest_clump_long, infiniplex_forest_lined_2,
          infiniplex_forest_straight_4, grunt_megastairs_5,
          infiniplex_staircase_pool, uniq_prince_ribbit2

Skill      XL: |  1  2  3  4  5  6  7  8  9 10 |
---------------+-------------------------------+-----
Fighting       | 3 4 5 6 7 |  7.1
Shields        | 3 4 5 6 7 |  7.2
Armour         | 3 4 5 6 |  6.5
Unarmed Combat | 3 4 5 6 7 |  7.5
Invocations    | 1 2 3 4 5 6 |  6.8

Action                     |  1- 3 |  4- 6 |  7- 9 | 10-12 || total
---------------------------+-------+-------+-------+-------++-------
  Melee: Unarmed           |    88 |   122 |   495 |   264 ||   969
         Bite              |    16 |    23 |   130 |    92 ||   261
         Punch             |     3 |       |       |       ||     3
 Invoke: Corrupt           |       |       |       |     1 ||     1
  Evoke: Wand              |       |       |     2 |    16 ||    18
    Use: Scroll            |     3 |     6 |     6 |     9 ||    24
         Potion            |       |     1 |     1 |     3 ||     5
 Armour: Scale mail        |    55 |    45 |       |       ||   100
         Fire dragon scale |       |    23 |   317 |   226 ||   566
         Plate armour      |       |       |       |    14 ||    14
  Dodge: Dodged            |    30 |    22 |   131 |    93 ||   276
  Block: Buckler           |     2 |       |       |       ||     2
         Kite shield       |       |    19 |   217 |   168 ||   404

Table legend: (Time is in decaauts)
 A = Elapsed time spent in this place.
 B = Non-inter-level travel time spent in this place.
 C = Inter-level travel time spent in this place.
 D = Time resting spent in this place.
 E = Time spent auto-exploring this place.
 F = Levels seen in this place.
 G = Mean time per level.
                   A        B        C        D        E       F      G
               +--------+--------+--------+--------+--------+-----+--------+
         Total |   8930 |   8306 |    624 |    606 |   5534 |  13 |  686.9 |
       Dungeon |   8166 |   7561 |    605 |    428 |   5255 |  11 |  742.4 |
          Lair |    360 |    342 |     18 |    178 |     80 |   1 |  360.0 |
         Sewer |    404 |    404 |      0 |      0 |    199 |   1 |  404.0 |
               +--------+--------+--------+--------+--------+-----+--------+

Top non-repeatable levels by time:
     D:5: 1199 daAuts
     D:7: 1147 daAuts
     D:8: 1059 daAuts
     D:4: 907 daAuts
     D:9: 826 daAuts
     D:3: 820 daAuts
     D:2: 782 daAuts
     D:6: 711 daAuts
     D:1: 675 daAuts
   Sewer: 404 daAuts
  Lair:1: 360 daAuts
    D:10: 20 daAuts
    D:11: 15 daAuts
